AoeStats
← 1017152139

Arabia

510128154Analyzed
1v1 RM · 4d ago on Sep 29, 2026· 43m 54s· 2 players
Game mode
Random Map
Map size
Tiny (2 player)
Population
200
Speed
Normal
Resources
Standard
Victory
Conquest
Starting age
Dark Age
Ending age
Imperial Age
RankedLock teamsTeams togetherTeam positionsShared explorationLock speedFull tech treeHidden civsTurbo modeCheats
Victory
Defeat
🇨🇳 Saracens · China
1178
+16
🇪🇸 Persians · Spain
1169
-16
Vímos
3:22 Loom
9:41 Feudal Age
10:31 Double-Bit Axe
10:30 Horse Collar
19:09 Castle Age
18:17 Bloodlines
18:45 Scale Barding Armor
20:37 Stone Mining
20:39 Gold Mining
20:13 Light Cavalry
21:33 Bow Saw
24:00 Chain Barding Armor
26:49 Town Watch
28:03 Wheelbarrow
28:34 Husbandry
28:46 Forging
32:46 Gold Shaft Mining
33:13 Fletching
33:59 Iron Casting
39:56 Imperial Age
37:42 Hand Cart
38:54 Bodkin Arrow
40:16 Ballistics
40:10 Kamandaran
40:51 Conscription
40:47 Stone Mining
40:36 Heavy Scorpion
43:44 Onager
1017152139
5:05 Loom
11:52 Feudal Age
12:23 Double-Bit Axe
12:55 Horse Collar
19:17 Castle Age
20:31 Wheelbarrow
20:35 Bow Saw
21:57 Heavy Plow
25:03 Gold Mining
26:12 Stone Mining
27:33 Husbandry
28:20 Forging
28:33 Fervor
30:02 Hand Cart
31:01 Iron Casting
32:04 Scale Barding Armor
35:38 Imperial Age
32:55 Town Watch
35:37 Gold Shaft Mining
35:25 Light Cavalry
36:15 Bloodlines
36:43 Conscription
36:51 Chain Barding Armor
37:40 Hoardings
38:32 Two-Man Saw
37:17 Heavy Camel Rider
38:14 Masonry
40:05 Blast Furnace
38:59 Elite Mameluke
40:28 Counterweights
41:06 Fletching
41:17 Padded Archer Armor
41:40 Ballistics
42:20 Chemistry
41:25 Hussar
41:36 Elite Skirmisher
43:06 Bimaristan
42:27 Onager
Connection lost

Rejoining the realm…

Still unreachable

The connection could not be restored.

Session expired

The server has moved on; the page needs a fresh start.